 Dungeon Crawl Stone Soup version 0.26-a0-846-gcc8f1ee719 (console) character file.

Game seed: 1474628636304596961

15037 jejorda2 the Carver (level 11, -9/130 HPs)
             Began as a Vampire Berserker on Nov 19, 2020.
             Was a High Priest of Trog.
             Mangled by a nine-headed hydra (12 damage)
             ... on level 11 of the Dungeon on Nov 20, 2020.
             The game lasted 00:32:11 (10685 turns).

jejorda2 the Carver (Vampire Berserker)            Turns: 10685, Time: 00:32:12

Health: -9/130     AC: 22    Str: 19    XL:     11   Next: 96%
Magic:  3/11       EV:  9    Int: 10    God:    Trog [*****.]
Gold:   684        SH:  6    Dex: 20    Spells: 10/10 levels left

rFire    + . .     SeeInvis +   b - +2 flail (protect)
rCold    . . .     Faith    .   A - +0 buckler
rNeg     . . .     Spirit   .   z - +0 chain mail
rPois    .         Reflect  .   r - +0 helmet
rElec    .         Harm     .   q - +2 cloak
rCorr    .         Rampage  .   (no gloves)
MR       +++..                  (no boots)
Stlth    ..........             (no amulet)
HPRegen  1.51/turn              c - ring of protection from fire
MPRegen  0.12/turn              v - +6 ring of dexterity

@: berserking, marked, protection aura, regenerating, very quick
A: fangs 3, see invisible, unbreathing
a: Exsanguinate, Berserk, Trog's Hand, Brothers in Arms, Renounce Religion


You were on level 11 of the Dungeon.
You worshipped Trog.
Trog was extremely pleased with you.
You visited 1 branch of the dungeon, and saw 12 of its levels.
You also visited: Sewer.

You collected 684 gold pieces.

Inventory:

Hand Weapons
 a - a +5 antimagic scimitar
 b - a +2 flail of protection (weapon)
 x - a +0 long sword
 y - a +0 scimitar
 K - a +0 great sword
Missiles
 h - 6 boomerangs
 l - 15 poisoned darts (quivered)
 D - 3 curare-tipped darts
 J - 2 boomerangs of dispersal
Armour
 q - a +2 cloak (worn)
 r - a +0 helmet (worn)
 z - a +0 chain mail (worn)
 A - a +0 buckler (worn)
 F - a +0 plate armour
Jewellery
 c - a ring of protection from fire (left hand)
 e - an uncursed ring of flight
 v - a +6 ring of dexterity (right hand)
 L - an uncursed ring of stealth
 N - an uncursed ring of see invisible {unknown}
Wands
 n - a wand of flame (44)
 t - a wand of disintegration (4)
 C - a wand of polymorph (10)
 E - a wand of digging (3)
 I - a wand of random effects (15)
Scrolls
 d - 2 scrolls of enchant weapon
 f - 3 scrolls of magic mapping
 i - 8 scrolls of remove curse
 p - 3 scrolls of teleportation
 u - 3 scrolls of enchant armour
 w - a scroll of identify
 B - a scroll of fog
 M - a scroll of fear
Potions
 g - 4 potions of curing
 j - a potion of heal wounds
 k - 2 potions of haste
 m - 3 potions of attraction
 o - 6 potions of flight
 s - a potion of ambrosia
 G - a potion of lignification
 H - a potion of mutation


   Skills:
 + Level 8.5 Fighting
 - Level 14.0 Long Blades
 + Level 6.9 Armour
 - Level 2.1 Dodging
 - Level 4.0 Shields
 - Level 4.0 Evocations


You had 10 spell levels left.
You didn't know any spells.
Your spell library was empty.

Dungeon Overview and Level Annotations

Branches:
Dungeon (12/15)            Temple (0/1) D:5            Lair (0/6) D:9
    Orc (0/2) D:9           Sewer (visited)

Altars:
Cheibriados
Gozag
Hepliaklqana
Kikubaaqudgha
Okawaru
Ru
Sif Muna
Trog
Uskayaw
Vehumet
Xom
The Shining One

Shops:
D:11 [

Annotations:
D:11 1 runed translucent door


Innate Abilities, Weirdness & Mutations

Your natural rate of healing is unusually fast.
You have razor-sharp teeth.
You have supernaturally acute eyesight. (SInv)
You can survive without breathing.


Message History

The nine-headed hydra bites you.
* * * LOW HITPOINT WARNING * * *
The nine-headed hydra bites you.
* * * LOW HITPOINT WARNING * * *
The nine-headed hydra bites you but does no damage.
The nine-headed hydra barely misses you. x2
The nine-headed hydra bites you.
* * * LOW HITPOINT WARNING * * *
The nine-headed hydra barely misses you.
A vampire comes into view.
You thump the nine-headed hydra!
The nine-headed hydra is moderately wounded.
The nine-headed hydra bites you but does no damage.
The nine-headed hydra bites you!
* * * LOW HITPOINT WARNING * * *
The nine-headed hydra bites you.
* * * LOW HITPOINT WARNING * * *
The nine-headed hydra bites you but does no damage. x3
The nine-headed hydra bites you!
You die...

..#.###.#$#.##
#.#.W#.#.# #.#
.#.....#.# #..
......... ..# #.#....#
## .## .#..... .###.#
#......######....# #
#...#.......V#####
o#....#...####u#@.###
Z........(..##.D..+.#
...#.....###.###..#.#
#..###.###..########.#
#.................. #
(##########.#######
...................
######.#.......#..#
#.........#


You could see a nine-headed hydra, a cyan ugly thing and a vampire.

Vanquished Creatures
  A hydra (D:11)
  3 centaur warriors (D:11)
  2 boulder beetles (D:11)
  A tengu warrior (D:11)
  A two-headed ogre (D:11)
  3 cyclopes
  A manticore (D:11)
  A centaur zombie (D:11)
  A gargoyle (D:9)
  A tengu conjurer (D:11)
  3 trolls
  Sigmund (D:2)
  A wraith (D:11)
  A wyvern (D:10)
  2 wargs (D:9)
  Menkaure (D:7)
  4 water moccasins
  A hornet zombie (D:7)
  4 ice beasts
  5 ogres
  An eye of draining (D:9)
  7 sky beasts
  A black bear (D:11)
  3 orc warriors
  2 necrophages
  A phantom (D:9)
  3 centaurs
  A big kobold (D:10)
  6 bullfrogs
  A gnoll sergeant (D:8)
  4 scorpions
  5 killer bees
  7 wights
  6 howler monkeys
  2 electric eels
  A jelly (D:8)
  4 hounds
  10 orc wizards
  2 bullfrog skeletons
  2 centaur skeletons
  3 orc priests
  Jessica (D:2)
  3 iguanas
  4 worker ants
  A merfolk avatar (Sewer)
  Ijyb (D:3)
  A merfolk siren (Sewer)
  2 hound skeletons
  Robin (D:3)
  A worker ant zombie (D:11)
  10 adders
  3 gnolls (D:8)
  3 river rats (Sewer)
  A shadow imp (D:5)
  A white imp (D:6)
  An ufetubus (D:6)
  3 adder skeletons
  4 worms
  6 leopard geckos
  37 orcs
  6 ball pythons
  3 bats
  9 giant cockroaches
  23 goblins
  7 hobgoblins
  15 jackals
  17 kobolds
  8 quokkas
  8 frilled lizards
  A giant cockroach zombie (D:5)
  A quokka zombie (D:5)
  37 rats
329 creatures vanquished.

Vanquished Creatures (collateral kills)
  A two-headed ogre (D:11)
  An ogre (D:11)
2 creatures vanquished.

Vanquished Creatures (others)
  A jelly (D:11)
  36 plants
37 creatures vanquished.

Grand Total: 368 creatures vanquished

Notes
Turn   | Place    | Note
-------+----------+-------------------------------------------
     0 | D:1      | jejorda2 the Vampire Berserker began the quest for the Orb.
     0 | D:1      | Reached XP level 1. HP: 17/17 MP: 1/1
    84 | D:1      | Reached XP level 2. HP: 23/23 MP: 2/2
   220 | D:1      | You fall into a shaft and drop 1 floor!
   234 | D:2      | Reached XP level 3. HP: 25/29 MP: 3/3
   475 | D:1      | Reached ** piety under Trog
   804 | D:2      | Reached skill level 4 in Long Blades
   922 | D:2      | Noticed Jessica
   931 | D:2      | Killed Jessica
   932 | D:2      | Reached XP level 4. HP: 35/35 MP: 4/4
  1241 | D:2      | Noticed Sigmund
  1270 | D:2      | Killed Sigmund
  1271 | D:2      | Reached skill level 5 in Long Blades
  1271 | D:2      | Reached XP level 5. HP: 42/42 MP: 5/5
  1292 | D:2      | Found an opulent altar of Gozag.
  1293 | D:2      | Found an iron altar of Okawaru.
  1331 | D:3      | Noticed Ijyb
  1340 | D:3      | Killed Ijyb
  1341 | D:3      | Reached XP level 6. HP: 48/48 MP: 6/6
  1423 | D:3      | Found a hazy altar of Hepliaklqana.
  1536 | D:3      | Found a glowing drain.
  1545 | Sewer    | Entered a sewer
  1779 | Sewer    | Reached *** piety under Trog
  2171 | D:3      | Reached skill level 6 in Long Blades
  2237 | D:3      | Noticed Robin
  2249 | D:3      | Killed Robin
  2353 | D:3      | Found a snail-covered altar of Cheibriados.
  2429 | D:3      | Reached XP level 7. HP: 49/54 MP: 7/7
  3479 | D:5      | Entered Level 5 of the Dungeon
  3595 | D:5      | Reached **** piety under Trog
  3768 | D:5      | Reached skill level 7 in Long Blades
  3973 | D:5      | Found a staircase to the Ecumenical Temple.
  4008 | D:5      | Reached skill level 5 in Fighting
  4008 | D:5      | Reached XP level 8. HP: 48/62 MP: 8/8
  4539 | D:6      | Reached skill level 8 in Long Blades
  4914 | D:6      | Reached skill level 9 in Long Blades
  5257 | D:7      | Reached XP level 9. HP: 48/69 MP: 9/9
  5453 | D:7      | Found a hide-covered altar of Uskayaw.
  5455 | D:7      | Found a sacrificial altar of Ru.
  5455 | D:7      | Found a glowing golden altar of the Shining One.
  5456 | D:7      | Found a shimmering altar of Xom.
  5474 | D:7      | Noticed Menkaure
  5478 | D:7      | Killed Menkaure
  5479 | D:7      | Reached skill level 10 in Long Blades
  5840 | D:7      | Found a radiant altar of Vehumet.
  5840 | D:7      | Found an ancient bone altar of Kikubaaqudgha.
  5841 | D:7      | Found a shimmering blue altar of Sif Muna.
  5941 | D:7      | Reached skill level 11 in Long Blades
  6554 | D:8      | Found a bloodstained altar of Trog.
  6738 | D:8      | Reached ***** piety under Trog
  6856 | D:8      | Reached skill level 1 in Shields
  6975 | D:8      | Reached skill level 12 in Long Blades
  7245 | D:8      | Found a shimmering blue altar of Sif Muna.
  7362 | D:9      | Noticed a troll
  7366 | D:9      | Killed a troll
  7367 | D:9      | Reached XP level 10. HP: 76/76 MP: 10/10
  7452 | D:9      | Noticed a gargoyle
  7469 | D:9      | Killed a gargoyle
  7742 | D:9      | Found a staircase to the Orcish Mines.
  8007 | D:9      | Found a staircase to the Lair.
  8297 | D:10     | Entered Level 10 of the Dungeon
  8305 | D:10     | Noticed a cyclops
  8392 | D:10     | Reached skill level 13 in Long Blades
  8664 | D:10     | Killed a cyclops
  9234 | D:11     | Found Xaseps's Antique Armour Shop.
  9234 | D:11     | Noticed a two-headed ogre
  9234 | D:11     | Noticed a centaur warrior
  9319 | D:11     | Noticed a cyclops
  9339 | D:11     | Killed a cyclops
  9340 | D:11     | Reached skill level 14 in Long Blades
  9561 | D:11     | Killed a two-headed ogre
  9562 | D:11     | Reached skill level 1 in Evocations
  9562 | D:11     | Reached XP level 11. HP: 81/81 MP: 11/11
  9574 | D:11     | Noticed a two-headed ogre
  9576 | D:11     | Noticed a boulder beetle
  9585 | D:11     | Killed a two-headed ogre
  9595 | D:11     | Noticed an eight-headed hydra
  9657 | D:11     | Received a gift from Trog
  9659 | D:11     | Noticed a centaur warrior
  9671 | D:11     | Killed a centaur warrior
  9681 | D:11     | Killed a centaur warrior
  9682 | D:11     | Reached skill level 5 in Armour
  9776 | D:11     | Noticed an eight-headed hydra
  9784 | D:11     | Killed an eight-headed hydra
  9881 | D:11     | HP: 4/84 [manticore (4)]
 10147 | D:11     | Killed a boulder beetle
 10150 | D:11     | Noticed a tengu warrior
 10169 | D:11     | Killed a tengu warrior
 10249 | D:11     | Noticed a boulder beetle
 10281 | D:11     | Killed a boulder beetle
 10306 | D:11     | Noticed a centaur warrior
 10533 | D:11     | Killed a centaur warrior
 10631 | D:11     | Found a runed translucent door.
 10632 | D:11     | Found a runed translucent door.
 10679 | D:11     | Noticed a cyan ugly thing
 10685 | D:11     | HP: 3/130 [nine-headed hydra (4)]
 10685 | D:11     | Mangled by a nine-headed hydra

Illustrated notes

Levels and vault maps discovered:
D:1:      sevenhm_arrival_forest_fort_large_4, layout_rooms, st_stairs_10
D:2:      layout_loops_ring, gammafunk_temple_overflow_statue, uniq_sigmund,
          uniq_jessica
D:3:      layout_loops_ring, old_standard_altar, general_overflow_altar,
          portal_sewer_entry_a, st_stairs_7, uniq_ijyb, uniq_robin
D:4:      kennysheep_goblin_castle, layout_loops_ring
D:5:      layout_gridville, temple_statues, minmay_door_square,
          kennysheep_generic_room_3
D:6:      layout_loops_ring, grunt_ministairs_1
D:7:      layout_basic, grunt_temple_overflow_magic_moments,
          grunt_temple_overflow_open, uniq_menkaure
D:8:      layout_basic, lightli_temple_of_fire, nicolae_lava_and_water,
          minivault_22, lemuel_blue_sif_altar
D:9:      layout_loops_ring, erik_lair_orcish_takeover, orc_0_dummy
D:10:     layout_irregular_city, serial_bayou_lagoon_a
D:11:     minmay_the_grid_triangle_9x9_rhombus_full_mashed
          [minmay_the_grid_triangle_9x9_checkered,
          minmay_the_grid_triangle_9x9_odd_lines,
          minmay_the_grid_triangle_9x9_tough_junction,
          minmay_the_grid_triangle_9x9_impossible_snake,
          minmay_the_grid_triangle_9x9_dagger,
          minmay_the_grid_triangle_9x9_limited_checkers,
          minmay_the_grid_triangle_9x9_alien,
          minmay_the_grid_triangle_9x9_prize_top_heavy], layout_rooms,
          serial_shops, shop, minmay_unpleasant_kobolds
D:12:     kennysheep_funnel, layout_basic, chequers_hall_statues_corner_a

Skill      XL: |  1  2  3  4  5  6  7  8  9 10 11 |
---------------+----------------------------------+-----
Fighting       | 3 4 5 6 8 |  8.5
Armour         | 2 3 4 6 |  6.9
Long Blades    | 4 5 6 7 9 12 14 | 14.0
Shields        | 2 4 |  4.0
Evocations     | 1 4 |  4.0
Dodging        | |  2.1

Action                   |  1- 3 |  4- 6 |  7- 9 | 10-12 || total
-------------------------+-------+-------+-------+-------++-------
Melee: Falchion          |    88 |   241 |   162 |       ||   491
       Bite              |    17 |    28 |    67 |    69 ||   181
       Great sword       |       |       |   199 |       ||   199
       Scimitar          |       |       |   131 |   391 ||   522
       Flail             |       |       |       |     9 ||     9
Throw: Dart              |       |       |       |    13 ||    13
Invok: Berserk           |       |     3 |     4 |     6 ||    13
       Trog's Hand       |       |     1 |     1 |     1 ||     3
       Brothers in Arms  |       |       |       |     1 ||     1
 Abil: Exsanguinate      |       |       |     1 |       ||     1
       Revivify          |       |       |     1 |       ||     1
Evoke: Wand              |       |     1 |     3 |       ||     4
  Use: Scroll            |     5 |     2 |    11 |     6 ||    24
       Potion            |       |     1 |       |       ||     1
 Stab: Distracted        |     1 |       |       |       ||     1
       Sleeping          |     1 |       |       |       ||     1
Armor: Animal skin       |     3 |       |       |       ||     3
       Leather armour    |    12 |       |       |       ||    12
       Plate armour      |    15 |   147 |   339 |       ||   501
       Chain mail        |       |       |    20 |   152 ||   172
Dodge: Dodged            |    30 |    69 |   173 |   117 ||   389
Block: Buckler           |       |       |    10 |    72 ||    82
       Rpst.: Falchion   |    17 |    16 |    20 |       ||    53
       Great sword       |       |       |    24 |       ||    24
       Scimitar          |       |       |    12 |    33 ||    45

Table legend: (Time is in decaauts)
 A = Elapsed time spent in this place.
 B = Non-inter-level travel time spent in this place.
 C = Inter-level travel time spent in this place.
 D = Time resting spent in this place.
 E = Time spent auto-exploring this place.
 F = Levels seen in this place.
 G = Mean time per level.
                   A        B        C        D        E       F      G
               +--------+--------+--------+--------+--------+-----+--------+
         Total |  10820 |  10286 |    534 |    678 |   6742 |  13 |  832.3 |
       Dungeon |  10212 |   9678 |    534 |    664 |   6504 |  12 |  851.0 |
         Sewer |    608 |    608 |      0 |     14 |    238 |   1 |  608.0 |
               +--------+--------+--------+--------+--------+-----+--------+

Top non-repeatable levels by time:
     D:7: 1231 daAuts
    D:11: 1229 daAuts
    D:10: 1006 daAuts
     D:5: 991 daAuts
     D:9: 981 daAuts
     D:3: 925 daAuts
     D:8: 909 daAuts
     D:4: 781 daAuts
     D:6: 760 daAuts
     D:2: 685 daAuts
     D:1: 657 daAuts
   Sewer: 608 daAuts
    D:12: 53 daAuts
